 Dungeon Crawl Stone Soup version 0.23-a0-183-gf37f6fb (webtiles) character file.

354766 George the Fencer (level 21, 0/194 HPs)
             Began as a Minotaur Fighter on Sept 23, 2018.
             Was the Champion of Okawaru.
             Killed from afar by a deep elf death mage (23 damage)
             ... with a bolt of negative energy
             ... led by an ironheart preserver
             ... on level 4 of the Vaults.
             The game lasted 01:45:21 (36713 turns).

George the Fencer (Minotaur Fighter)               Turns: 36713, Time: 01:45:22

Health: 0/194      AC: 29    Str: 21    XL:     21   Next: 36%
Magic:  26/31      EV: 20    Int:  5    God:    Okawaru [******]
Gold:   2437       SH: 31    Dex: 19    Spells: 20/20 levels left

rFire    + + +     SeeInvis +   Z - +5 demon blade of the Abyss {vamp, rF+ Str-3 Dex+4}
rCold    + + +     Gourm    .   Y - +2 large shield {rC+ rF+}
rNeg     . . .     Faith    .   b - +2 plate armour {rC+}
rPois    .         Spirit   .   p - +2 hat
rElec    +         Reflect  +   N - scarf {rC+ rF+}
rCorr    .         Harm     .   l - +3 pair of gauntlets of War {Slay+5}
MR       ++++.                  M - +2 pair of boots {run}
Stlth    ..........             X - amulet of Gamoqarphob {Reflect +Inv rElec MR++ Dex-2 SH+5}
HPRegen  0.42/turn              n - ring of protection from magic
MPRegen  0.22/turn              F - ring of see invisible

@: heroism, finesse, corroded, drained, quick
A: retaliatory headbutt, horns 2
}: 2/15 runes: decaying, serpentine
a: Heroism, Finesse, Renounce Religion, Evoke Invisibility


You were on level 4 of the Vaults.
You worshipped Okawaru.
Okawaru was exalted by your worship.
You were hungry.

You visited 7 branches of the dungeon, and saw 36 of its levels.
You also visited: Labyrinth, Ice Cave and Desolation.

You collected 4096 gold pieces.
You spent 1659 gold pieces at shops.

Inventory:

Hand Weapons
 Z - the +5 demon blade of the Abyss (weapon) {vamp, rF+ Str-3 Dex+4}
   (Okawaru gifted it to you on level 2 of the Orcish Mines)

   It inflicts no extra harm, but heals its wielder when it wounds a living foe.
   It affects your strength (-3).
   It affects your dexterity (+4).
   It protects you from fire.
Missiles
 a - 6 javelins of penetration
 k - 10 throwing nets (quivered)
 s - 4 javelins of returning
Armour
 b - a +2 plate armour of cold resistance (worn)
 l - the +3 pair of gauntlets of War (worn) {Slay+5}
   (Okawaru gifted it to you on level 2 of the Vaults)

   It affects your accuracy and damage with ranged weapons and melee attacks
   (+5).
 p - a +2 hat (worn)
 M - a +2 pair of boots of running (worn)
 N - a scarf of resistance (worn)
 R - the +1 cloak of the Invisible Hand {rCorr Str+4}
   (Okawaru gifted it to you on level 11 of the Dungeon)

   It affects your strength (+4).
   It provides partial protection from all sources of acid and corrosion.
 Y - a +2 large shield of resistance (worn)
Jewellery
 n - a ring of protection from magic (left hand)
 C - the amulet of Zuokk {Gourm rPois Int-3 Dex+2}
   (You found it on level 4 of the Dungeon)

   [amulet of the gourmand]

   It allows you to eat raw meat even when not hungry.
   It affects your intelligence (-3).
   It affects your dexterity (+2).
   It protects you from poison.
 F - a ring of see invisible (right hand)
 G - an uncursed ring of protection from cold
 I - the amulet of Diuguvve {Reflect rElec rC+ SH+3}
   (You found it in a labyrinth)

   [amulet of reflection]

   It shields you and reflects attacks.
   It protects you from cold.
   It insulates you from electricity.
   It affects your SH (+3).
 X - the amulet of Gamoqarphob (around neck) {Reflect +Inv rElec MR++ Dex-2 SH+5}
   (You found it in the Desolation of Salt)

   [amulet of reflection]

   It shields you and reflects attacks.
   It affects your dexterity (-2).
   It insulates you from electricity.
   It affects your resistance to hostile enchantments.
   It lets you turn invisible.
   It affects your SH (+5).
Wands
 q - a wand of enslavement (14)
 y - a wand of flame (70)
 H - a wand of paralysis (64)
 J - a wand of clouds (13)
 Q - a wand of digging (9)
 T - a wand of disintegration (25)
 U - a wand of iceblast (55)
 V - a wand of acid (38)
Scrolls
 c - 4 scrolls of blinking
 e - 7 scrolls of immolation
 g - 18 scrolls of remove curse
 h - 6 scrolls of identify
 t - 2 scrolls of enchant weapon
 u - 3 scrolls of silence
 v - 8 scrolls of teleportation
 x - 2 scrolls of brand weapon
 B - 6 scrolls of fog
 D - a scroll of summoning
 E - 4 scrolls of fear
 L - a scroll of magic mapping
 O - a scroll of acquirement
 P - 7 scrolls of enchant armour
Potions
 d - 3 potions of might
 i - 10 potions of haste
 j - 7 potions of resistance
 m - 3 potions of agility
 o - 7 potions of curing
 r - 5 potions of magic
 w - 6 potions of flight
 z - 9 potions of heal wounds
 A - 2 potions of cancellation
 K - 11 potions of mutation
 S - 3 potions of invisibility
Comestibles
 f - 66 rations


   Skills:
 + Level 18.0(22.1) Fighting
 + Level 19.4(23.5) Long Blades
 + Level 6.3(10.7) Throwing
 + Level 17.9(22.0) Armour
 + Level 16.3(20.4) Dodging
 + Level 17.8(22.0) Shields
 + Level 15.4(14.7) Invocations
 - Level 8.0(7.3) Evocations


You had 20 spell levels left.
You didn't know any spells.
Your spell library contained the following spells:

 Spells                   Type           Power        Failure   Level  Hunger
 Animate Skeleton         Necr           N/A          99%         1    ##.....
 Apportation              Tloc           #.....       99%         1    ##.....
 Beastly Appendage        Tmut           #.....       99%         1    ##.....
 Confusing Touch          Hex            #.....       99%         1    ##.....
 Corona                   Hex            #......      99%         1    ##.....
 Infusion                 Chrm           #...         99%         1    ##.....
 Magic Dart               Conj           #...         99%         1    ##.....
 Summon Small Mammal      Summ           #...         99%         1    ##.....
 Blink                    Tloc           N/A          100%        2    ###....
 Ensorcelled Hibernation  Hex/Ice        #.....       100%        2    ###....
 Passwall                 Tmut/Erth      #.......     100%        2    ###....
 Searing Ray              Conj           #.....       100%        2    ###....
 Shroud of Golubria       Chrm/Tloc      #.........   100%        2    ###....
 Song of Slaying          Chrm           #.......     100%        2    ###....
 Sticks to Snakes         Tmut           #.......     100%        2    ###....
 Throw Frost              Conj/Ice       #.....       100%        2    ###....
 Confuse                  Hex            #.......     100%        3    ####...
 Dazzling Spray           Conj/Hex       #.....       100%        3    ####...
 Gell's Gravitas          Tloc           #.........   100%        3    ####...
 Ignite Poison            Fire/Tmut/Pois #.......     100%        3    ####...
 Lesser Beckoning         Tloc           #.........   100%        3    ####...
 Regeneration             Chrm/Necr      #.........   100%        3    ####...
 Spectral Weapon          Hex/Chrm       #.......     100%        3    ####...
 Spider Form              Tmut/Pois      #.........   100%        3    ####...
 Static Discharge         Conj/Air       #.......     100%        3    ####...
 Stone Arrow              Conj/Erth      #.....       100%        3    ####...
 Teleport Other           Tloc           #.......     100%        3    ####...
 Tukima's Dance           Hex            #.......     100%        3    ####...
 Vampiric Draining        Necr           #.........   100%        3    ####...
 Force Lance              Conj/Tloc      #.......     100%        4    #####..
 Fulminant Prism          Conj/Hex       #.........   100%        4    #####..
 Ice Form                 Ice/Tmut       #.......     100%        4    #####..
 Iskenderun's Mystic Bla  Conj           #.......     100%        4    #####..
 Leda's Liquefaction      Hex/Erth       #.........   100%        4    #####..
 Passage of Golubria      Tloc           N/A          100%        4    #####..
 Petrify                  Tmut/Erth      #.......     100%        4    #####..
 Blade Hands              Tmut           #.........   100%        5    ######.
 Bolt of Magma            Conj/Fire/Erth #.........   100%        5    ######.
 Iskenderun's Battlesphe  Conj/Chrm      #.......     100%        5    ######.
 Lightning Bolt           Conj/Air       #.........   100%        5    ######.
 Metabolic Englaciation   Hex/Ice        #.........   100%        5    ######.
 Venom Bolt               Conj/Pois      #.........   100%        5    ######.
 Yara's Violent Unravell  Hex/Tmut       #.........   100%        5    ######.
 Death Channel            Necr           #.........   100%        6    #######
 Freezing Cloud           Conj/Ice/Air   #.........   100%        6    #######
 Hydra Form               Tmut           #.........   100%        6    #######
 Iron Shot                Conj/Erth      #.........   100%        6    #######
 Poison Arrow             Conj/Pois      #.........   100%        6    #######
 Statue Form              Tmut/Erth      #........    100%        6    #######
 Orb of Destruction       Conj           #.........   100%        7    #######
 Ring of Flames           Chrm/Fire      #.........   100%        7    #######
 Spellforged Servitor     Conj/Summ      #.........   100%        7    #######
 Chain Lightning          Conj/Air       #.........   100%        8    #######
 Controlled Blink         Tloc           N/A          100%        8    #######
 Ignition                 Fire           #.........   100%        8    #######
 Lehudib's Crystal Spear  Conj/Erth      #.........   100%        8    #######
 Fire Storm               Conj/Fire      #.........   100%        9    #######
 Glaciate                 Conj/Ice       #.........   100%        9    #######
 Shatter                  Erth           #.........   100%        9    #######
 Tornado                  Air            #.........   100%        9    #######


Dungeon Overview and Level Annotations

Branches:
Dungeon (15/15)            Temple (1/1) D:5            Lair (6/6) D:10
  Swamp (4/4) Lair:2        Snake (4/4) Lair:3        Slime (0/5) Lair:6
    Orc (2/2) D:11            Elf (0/3) Orc:2        Vaults (4/5) D:14
  Crypt (0/3) Vaults:3     Depths (0/5) D:15

Altars:
Ashenzari
Cheibriados
Dithmenos
Elyvilon
Fedhas
Gozag
Hepliaklqana
Kikubaaqudgha
Makhleb
Nemelex Xobeh
Okawaru
Qazlal
Ru
Sif Muna
Trog
Uskayaw
Vehumet
Wu Jian
Xom
Yredelemnul
Zin
The Shining One
Beogh

Shops:
D:4 %   D:5 %   D:7 [   D:11 *   D:12 !   Orc:1 %   Orc:2 ?![*   Vaults:1 [
Vaults:2 *


Innate Abilities, Weirdness & Mutations

You reflexively headbutt those who attack you in melee.
You have a pair of horns on your head.


Message History

You slice the lich!!
You destroy the lich!
Okawaru is honoured by your kill. Something appears at your feet!
Okawaru grants you armour!
Your life force feels restored.
Your base Fighting skill increases to level 18!
You slice the deep elf death mage!!
Your headbutt misses the deep elf death mage.
The deep elf death mage is heavily wounded.
You slash the deep elf death mage!
The deep elf death mage is severely wounded.
The vault sentinel blows a loud note on a signal horn!
The vault warden hits you with a dire flail of holy wrath!
* * * LOW HITPOINT WARNING * * *
You hit the deep elf death mage.
You feel better.
The deep elf death mage is severely wounded.
The deep elf death mage gestures at you while chanting.
The bolt of negative energy hits you!
You feel drained.
You die...

## .# .# .# '#####
.....# .....#
.....#############
.....#.........+@##
.....#.........#pe##
.....#.........##Wx#
.....'.........##Xp)...#
######.........##p.')..#
#.........##..##+#(.#
###+##'######..## .'..+
#.......# #.## #..
####.......### ## ++#


You could see a vault warden, a deep elf death mage, a shadow wraith
(invisible), a vault sentinel, a large abomination, an ironbrand convoker and a
crawling corpse.

Vanquished Creatures
  the Lernaean hydra (Swamp:4)
  Margery (Vaults:2)
  A lich (Vaults:4)
  A tentacled monstrosity (Vaults:4)
  The ghost of PegasusDuck the Ogre Mage, an adept OgAE of Ashenzari (Snake:1)
  3 tengu reavers
  2 shadow dragons
  A sphinx (Vaults:4)
  A thorn hunter (Swamp:4)
  A storm dragon (D:14)
  A frost giant (D:14)
  19 vault wardens
  8 nagarajas
  4 deep elf sorcerers
  An imperial myrmidon (Desolation)
  18 ironheart preservers
  2 very ugly things (Vaults:2)
  4 entropy weavers
  9 stone giants
  A deep elf annihilator (Vaults:4)
  Azrael (Orc:2)
  3 halazid warlocks (Desolation)
  A minotaur (Lab)
  A deep elf demonologist (Vaults:2)
  The ghost of Urec the Martial Artist, a journeyman OpWn of Gozag (Lair:4)
  A crystal guardian (Desolation)
  2 deep elf death magi (Vaults:4)
  11 yaktaur captains
  2 fire dragons
  7 ogre magi
  Josephine (D:9)
  4 servants of whispers
  A rakshasa (Vaults:3)
  17 vault guards
  9 ragged hierophants (Desolation)
  23 hydras
  10 naga warriors
  2 great orbs of eyes (Vaults:2)
  Harold (D:7)
  3 ice dragons
  A ghost crab (Swamp:3)
  6 centaur warriors
  The ghost of CcS the Unseen, a journeyman SpEn of Kikubaaqudgha (Lair:4)
  6 anacondas
  2 shambling mangroves (Swamp:2)
  3 death knights
  26 two-headed ogres
  A two-headed ogre (shapeshifter) (Vaults:4)
  4 peacekeepers (Desolation)
  11 alligators
  6 shock serpents
  A deep troll earth mage (Vaults:3)
  6 deep elf knights
  3 hell knights (Vaults:2)
  10 naga sharpshooters
  3 shadow wraiths
  5 salamander mystics
  3 skeletal warriors (Vaults:2)
  6 wizards
  An unseen horror (shapeshifter) (Vaults:1)
  2 flayed ghosts
  5 deep trolls
  9 swamp dragons
  2 glowing orange brains (Vaults:2)
  2 unseen horrors
  A spriggan druid (Swamp:3)
  6 naga ritualists
  A harpy (shapeshifter) (Vaults:4)
  An orb spider (shapeshifter) (Vaults:3)
  6 necromancers
  10 deep elf archers
  17 ironbrand convokers
  3 harpies (Vaults:2)
  15 orc knights
  3 orc sorcerers
  4 oklob plants (Lair:1)
  8 mana vipers
  4 wolf spiders
  20 salamanders
  14 deep elf magi
  A manticore (D:14)
  20 ugly things
  A shadow dragon skeleton (Vaults:4)
  Joseph (D:10)
  A wolf spider zombie (D:13)
  A frost giant zombie (Vaults:4)
  8 cyclopes
  An ice statue (IceCv)
  5 guardian serpents
  12 elephants
  23 naga magi
  12 vault sentinels
  Psyche (D:11)
  39 black mambas
  A molten gargoyle (Desolation)
  3 gargoyles
  22 spiny frogs
  6 rime drakes
  30 yaktaurs
  7 komodo dragons
  17 freezing wraiths
  5 trolls
  A tengu conjurer (D:14)
  A meliai (shapeshifter) (Vaults:4)
  A jumping spider (Vaults:4)
  A sphinx simulacrum (Vaults:2)
  A polar bear (shapeshifter) (Vaults:2)
  42 saltlings
  A wolf spider simulacrum (IceCv)
  18 bog bodies
  9 dream sheep
  16 slime creatures
  5 tyrant leeches
  16 hornets
  23 blink frogs
  An ettin zombie (Vaults:4)
  9 hippogriffs
  A blink frog (shapeshifter) (Vaults:3)
  A spriggan (shapeshifter) (Vaults:2)
  4 redbacks (Vaults:4)
  19 spriggans
  A hog (shapeshifter) (Vaults:4)
  An orc simulacrum (Vaults:1)
  7 wraiths
  52 yaks
  3 shadows
  2 steam dragons (shapeshifter) (Vaults:4)
  A vampire (D:14)
  A tarantella (Vaults:4)
  3 fire elementals (Orc:2)
  4 basilisks
  14 swamp worms
  12 vampire mosquitoes (Swamp:1)
  A steam dragon (Lair:6)
  6 insubstantial wisps
  6 wargs
  2 soldier ants
  66 nagas
  5 acid dragons
  A death yak simulacrum (IceCv)
  7 porcupines
  A hell hound (Orc:2)
  14 water moccasins
  3 sky beasts
  A hornet zombie (D:15)
  41 orc warriors
  7 ice beasts
  An elf skeleton (Vaults:1)
  5 phantoms
  An eye of draining (D:15)
  11 swamp drakes
  22 ogres
  10 wolves
  3 boggarts (Lair:5)
  18 centaurs
  18 crocodiles
  3 big kobolds
  13 bullfrogs
  A gnoll sergeant (D:6)
  A water moccasin zombie (D:7)
  A glowing shapeshifter simulacrum (Vaults:1)
  A scorpion (Lair:2)
  A wyvern skeleton (D:13)
  12 killer bees
  7 wights
  4 electric eels
  6 howler monkeys
  3 bullfrog zombies (D:5)
  4 lava snakes (Snake:2)
  4 crimson imps
  2 human simulacra
  4 draconian simulacra (IceCv)
  15 jellies
  4 centaur zombies
  6 hounds
  4 centaur skeletons
  16 orc priests
  15 orc wizards
  Ijyb (D:3)
  4 iguanas
  A spriggan simulacrum (IceCv)
  5 troll simulacra (IceCv)
  2 wolf simulacra (IceCv)
  9 worker ants
  2 centaur simulacra (IceCv)
  2 worker ant zombies
  11 gnolls
  12 adders
  5 naga simulacra (IceCv)
  3 ogre simulacra (IceCv)
  3 shadow imps
  13 white imps
  An ufetubus (Vaults:1)
  4 oozes
  An adder zombie (D:5)
  3 adder skeletons
  3 worms
  A dart slug (D:1)
  15 leopard geckos
  107 orcs
  8 giant cockroaches
  5 goblins (D:3)
  13 hobgoblins
  19 jackals
  17 kobolds
  5 quokkas
  8 bats
  8 frilled lizards
  A leopard gecko zombie (D:5)
  2 quokka skeletons (D:6)
  9 rats
  2 briar patches (Swamp:4)
  A plant (Lair:5)
1590 creatures vanquished.

Vanquished Creatures (others)
  Nessos (Orc:2)
  A yaktaur captain (Vaults:4)
  A centaur warrior (D:15)
  3 naga sharpshooters (Snake:4)
  A cyclops (D:13)
  An orc sorcerer (Orc:1)
  A vault sentinel (Vaults:4)
  6 yaktaurs
  A hornet (Swamp:3)
  A spriggan (Swamp:3)
  A basilisk (Lair:6)
  A swamp drake (Swamp:4)
  3 centaurs
  3 fungi
  7 plants
  5 withered plants (Lair:4)
37 creatures vanquished.

Grand Total: 1627 creatures vanquished

Notes
Turn   | Place    | Note
-------+----------+-------------------------------------------
     0 | D:1      | George the Minotaur Fighter began the quest for the Orb.
     0 | D:1      | Reached XP level 1. HP: 19/19 MP: 0/0
    77 | D:1      | Reached skill level 3 in Long Blades
    81 | D:1      | Reached XP level 2. HP: 26/26 MP: 1/1
   453 | D:1      | Reached skill level 4 in Long Blades
   560 | D:1      | Reached XP level 3. HP: 28/31 MP: 2/2
   821 | D:2      | Reached skill level 5 in Long Blades
  1146 | D:2      | Reached XP level 4. HP: 32/39 MP: 3/3
  1261 | D:2      | Found a shattered altar of Ashenzari.
  1264 | D:2      | Reached skill level 6 in Long Blades
  1429 | D:2      | Reached XP level 5. HP: 44/45 MP: 4/4
  1772 | D:3      | Found an iron altar of Okawaru.
  1799 | D:3      | Became a worshipper of Warmaster Okawaru
  1952 | D:3      | Found a shimmering altar of Xom.
  2006 | D:3      | Reached skill level 1 in Invocations
  2038 | D:3      | Noticed Ijyb
  2051 | D:3      | Killed Ijyb
  2145 | D:3      | Reached skill level 7 in Long Blades
  2243 | D:3      | Reached XP level 6. HP: 37/51 MP: 4/6
  2593 | D:4      | Got a flickering platinum amulet
  2624 | D:4      | Got a dazzling shield
  2635 | D:4      | Identified the +7 shield of Negation {rElec Regen+} (You
                  | found it on level 4 of the Dungeon)
  2636 | D:4      | Identified the amulet of Zuokk {Gourm rPois Int-3 Dex+2}
                  | (You found it on level 4 of the Dungeon)
  2658 | D:4      | Reached * piety under Okawaru
  2737 | D:4      | Found Watageoh's Food Boutique.
  3022 | D:5      | Entered Level 5 of the Dungeon
  3030 | D:5      | Found a staircase to the Ecumenical Temple.
  3039 | Temple   | Entered the Ecumenical Temple
  3163 | D:5      | Reached skill level 8 in Long Blades
  3163 | D:5      | Reached XP level 7. HP: 57/57 MP: 8/8
  3221 | D:5      | Found a snail-covered altar of Cheibriados.
  3508 | D:5      | Reached ** piety under Okawaru
  3509 | D:5      | Found Vintewor's Food Emporium.
  3748 | D:6      | Reached skill level 9 in Long Blades
  3763 | D:6      | Reached skill level 5 in Invocations
  3807 | D:6      | Reached XP level 8. HP: 54/64 MP: 8/10
  4367 | D:6      | Found a bloodstained altar of Trog.
  4392 | D:6      | Found a hazy altar of Hepliaklqana.
  4553 | D:7      | Found Ateluts's Armour Shoppe.
  4562 | D:7      | Reached skill level 10 in Long Blades
  4595 | D:7      | Noticed Harold
  4620 | D:7      | Killed Harold
  4620 | D:7      | Reached *** piety under Okawaru
  4620 | D:7      | Reached **** piety under Okawaru
  4620 | D:7      | Reached skill level 11 in Long Blades
  4620 | D:7      | Reached XP level 9. HP: 40/70 MP: 6/13
  5303 | D:8      | Found a white marble altar of Elyvilon.
  5404 | D:8      | Found a glowing golden altar of the Shining One.
  5415 | D:8      | Reached skill level 12 in Long Blades
  5424 | D:8      | Got a smoking war axe
  5599 | D:8      | Paralysed by a hornet for 1 turns
  5602 | D:8      | Paralysed by a hornet for 3 turns
  5612 | D:8      | Paralysed by a hornet for 1 turns
  5612 | D:8      | HP: 3/70 [hornet (4)]
  5624 | D:8      | HP: 3/70 [centaur (5)]
  6050 | D:8      | Found a sparkling altar of Nemelex Xobeh.
  6190 | D:9      | Reached ***** piety under Okawaru
  6265 | D:9      | Reached XP level 10. HP: 69/77 MP: 16/16
  6299 | D:9      | Noticed a two-headed ogre
  6318 | D:9      | Killed a two-headed ogre
  6318 | D:9      | Reached skill level 13 in Long Blades
  6343 | D:9      | Reached skill level 10 in Invocations
  6733 | D:10     | Entered Level 10 of the Dungeon
  6733 | D:10     | Noticed Josephine
  6747 | D:9      | Received a gift from Okawaru
  6774 | D:9      | Got a polished cloak {god gift}
  6787 | D:9      | Identified the +2 cloak "Enai" {rF+ Regen+ Int-5} (Okawaru
                  | gifted it to you on level 9 of the Dungeon)
  6844 | D:9      | Killed Josephine
  6844 | D:9      | Reached skill level 14 in Long Blades
  6883 | D:9      | Reached skill level 1 in Dodging
  6976 | D:10     | Noticed Joseph
  6997 | D:10     | Killed Joseph
  7048 | D:10     | Reached skill level 5 in Fighting
  7048 | D:10     | Reached skill level 5 in Armour
  7048 | D:10     | Reached skill level 5 in Shields
  7059 | D:10     | Noticed an elephant
  7060 | D:10     | Found a staircase to the Lair.
  7080 | D:10     | Reached XP level 11. HP: 81/86 MP: 17/17
  7811 | D:11     | Noticed a cyan ugly thing
  7834 | D:11     | Killed a cyan ugly thing
  7834 | D:11     | Received a gift from Okawaru
  7879 | D:11     | Noticed a six-headed hydra
  7880 | D:11     | Noticed Psyche
  7898 | D:11     | Killed a one-headed hydra
  7931 | D:11     | Found a staircase to the Orcish Mines.
  7990 | D:11     | Received a gift from Okawaru
  7990 | D:11     | Reached skill level 5 in Dodging
  8160 | D:11     | Got a pitted cloak {god gift}
  8186 | D:11     | Identified the +1 cloak of the Invisible Hand {rCorr Str+4}
                  | (Okawaru gifted it to you on level 11 of the Dungeon)
  8371 | D:11     | Killed Psyche
  8427 | D:11     | Found Eppoifah's Assorted Antiques.
  8435 | D:11     | Bought a scroll labeled ACLEEK DAN for 35 gold pieces
  8435 | D:11     | Bought a potion of heal wounds for 175 gold pieces
  8435 | D:11     | Bought a scroll of identify for 70 gold pieces
  8435 | D:11     | Bought a large brass ring for 175 gold pieces
  8435 | D:11     | Bought a scroll labeled MYXIUGU IPOA for 35 gold pieces
  8561 | D:11     | Killed an unseen horror
  8712 | D:12     | Got a heavily runed chain mail
  8729 | D:12     | Identified the +1 chain mail "Giufah" {rPois rF- Str+9
                  | Int+4} (You found it on level 12 of the Dungeon)
  8854 | D:12     | Noticed a two-headed ogre
  8878 | D:12     | Killed a two-headed ogre
  8890 | D:12     | Found Qaal's Distillery.
  8971 | D:12     | Identified the +8 war axe of Obsession {drain, rN++ Str-2}
                  | (You found it on level 8 of the Dungeon)
  9371 | Lair:1   | Entered Level 1 of the Lair of Beasts
  9433 | Lair:1   | Reached ****** piety under Okawaru
  9470 | Lair:1   | Reached XP level 12. HP: 101/101 MP: 18/18
 10696 | Lair:2   | Received a gift from Okawaru
 11255 | Lair:2   | Found a staircase to the Swamp.
 11851 | Lair:3   | Found a staircase to the Snake Pit.
 12253 | Lair:4   | Reached skill level 10 in Armour
 12268 | Lair:4   | Noticed a five-headed hydra
 12283 | Lair:4   | Killed a one-headed hydra
 12283 | Lair:4   | Reached skill level 10 in Fighting
 12283 | Lair:4   | Reached skill level 10 in Shields
 12441 | Lair:4   | Reached XP level 13. HP: 106/113 MP: 19/19
 12592 | Lair:4   | HP: 3/114 [blink frog (6)]
 12650 | Lair:4   | Got a fine hand axe
 12651 | Lair:4   | Identified the +7 hand axe of Extremism {venom, Int+3
                  | Stlth+} (You found it on level 4 of the Lair of Beasts)
 12690 | Lair:4   | Received a gift from Okawaru
 12696 | Lair:4   | Found a runed gate.
 12696 | Lair:4   | Found a runed gate.
 12696 | Lair:4   | Found a runed gate.
 12709 | Lair:4   | Noticed Urec's ghost (journeyman OpWn)
 12709 | Lair:4   | Noticed CcS's ghost (journeyman SpEn)
 13225 | Lair:4   | Killed Urec's ghost
 13255 | Lair:4   | Killed CcS's ghost
 13255 | Lair:4   | Received a gift from Okawaru
 13787 | Lair:5   | Received a gift from Okawaru
 13849 | Lair:5   | Reached skill level 10 in Dodging
 13920 | Lair:5   | You fall through a shaft!
 13920 | Lair:6   | Entered Level 6 of the Lair of Beasts
 14845 | Lair:6   | Reached XP level 14. HP: 82/125 MP: 20/20
 14927 | Lair:6   | Found a staircase to the Slime Pits.
 14940 | Lair:6   | Reached skill level 1 in Evocations
 16215 | Orc:1    | Entered Level 1 of the Orcish Mines
 16427 | Orc:2    | Entered Level 2 of the Orcish Mines
 16475 | Orc:2    | Found a labyrinth entrance.
 16480 | Orc:2    | Noticed Nessos
 16484 | Lab      | Entered a labyrinth
 17162 | Lab      | Identified the Grimoire of Dislocation and Transmutation
 17163 | Lab      | Got a brightly glowing garnet amulet
 17173 | Lab      | Identified the amulet of Diuguvve {Reflect rElec rC+ SH+3}
                  | (You found it in a labyrinth)
 17225 | Orc:2    | Killed Nessos
 17324 | Orc:2    | Noticed Azrael
 17346 | Orc:2    | Killed Azrael
 17614 | Orc:2    | Received a gift from Okawaru
 17716 | Orc:2    | Found a roughly hewn altar of Beogh.
 17752 | Orc:2    | Found Gyagik's Magic Scroll Boutique.
 17752 | Orc:2    | Found Ijimaluts's Distillery.
 17763 | Orc:2    | Received a gift from Okawaru
 17765 | Orc:2    | Got a steaming demon blade {god gift}
 17902 | Orc:2    | Identified the +5 demon blade of the Abyss {vamp, rF+ Str-3
                  | Dex+4} (Okawaru gifted it to you on level 2 of the Orcish
                  | Mines)
 18034 | Orc:2    | Found a staircase to the Elven Halls.
 18086 | Orc:2    | Found Deheh's General Store.
 18086 | Orc:2    | Found Cula Cobu's Antique Armour Boutique.
 18341 | Orc:1    | Found Kinexifo's Food Shoppe.
 18342 | Orc:1    | Noticed a stone giant
 18361 | Orc:1    | Killed a stone giant
 18558 | Orc:2    | Bought a scroll of identify for 30 gold pieces
 18558 | Orc:2    | Bought a +2 hat for 240 gold pieces
 18605 | Orc:2    | Bought a scroll of fear for 59 gold pieces
 18605 | Orc:2    | Bought a scroll of blinking for 127 gold pieces
 18605 | Orc:2    | Bought a scroll of teleportation for 51 gold pieces
 18605 | Orc:2    | Bought a scroll of identify for 34 gold pieces
 18615 | Orc:2    | Bought a potion of might for 48 gold pieces
 18615 | Orc:2    | Bought 2 potions of heal wounds for 120 gold pieces
 18615 | Orc:2    | Bought a potion of resistance for 120 gold pieces
 18615 | Orc:2    | Bought a potion of mutation for 96 gold pieces
 18647 | Orc:2    | Bought a potion of curing for 45 gold pieces
 18881 | Swamp:1  | Entered Level 1 of the Swamp
 18925 | Swamp:1  | Reached skill level 15 in Long Blades
 19072 | Swamp:1  | Received a gift from Okawaru
 19114 | Swamp:1  | Reached XP level 15. HP: 112/134 MP: 22/22
 20947 | Swamp:3  | Received a gift from Okawaru
 21023 | Swamp:3  | Reached skill level 5 in Evocations
 21722 | Swamp:4  | Entered Level 4 of the Swamp
 21965 | Swamp:4  | Received a gift from Okawaru
 22012 | Swamp:4  | Received a gift from Okawaru
 22256 | Swamp:4  | Noticed the 27-headed Lernaean hydra
 22269 | Swamp:4  | Killed the 21-headed Lernaean hydra
 22269 | Swamp:4  | Reached XP level 16. HP: 30/144 MP: 16/23
 22277 | Swamp:4  | Got a decaying rune of Zot
 22662 | Swamp:4  | Noticed a thorn hunter
 22674 | Swamp:4  | Killed a thorn hunter
 22674 | Swamp:4  | Received a gift from Okawaru
 22920 | Snake:1  | Entered Level 1 of the Snake Pit
 23286 | Snake:1  | Found a runed door.
 23288 | Snake:1  | Noticed PegasusDuck's ghost (adept OgAE)
 24084 | Snake:1  | Killed PegasusDuck's ghost
 24113 | Snake:2  | Reached skill level 16 in Long Blades
 24450 | Snake:2  | Received a gift from Okawaru
 25127 | Snake:3  | Reached XP level 17. HP: 153/154 MP: 25/25
 25642 | Snake:4  | Entered Level 4 of the Snake Pit
 25719 | Snake:4  | Received a gift from Okawaru
 26092 | Snake:4  | Received a gift from Okawaru
 26307 | Snake:4  | Got a serpentine rune of Zot
 26402 | Snake:4  | Reached skill level 15 in Fighting
 27138 | D:13     | Reached skill level 15 in Armour
 27167 | D:13     | Reached skill level 15 in Shields
 27356 | D:13     | Identified a scroll of acquirement
 27607 | D:14     | Received a gift from Okawaru
 27619 | D:14     | Reached skill level 17 in Long Blades
 27669 | D:14     | Identified a +2 pair of boots of running (Okawaru gifted it
                  | to you on level 14 of the Dungeon)
 27718 | D:14     | Found a frozen archway.
 27733 | IceCv    | Entered an ice cave
 27874 | IceCv    | Found an ancient bone altar of Kikubaaqudgha.
 28267 | D:14     | Reached XP level 18. HP: 163/163 MP: 26/26
 28315 | D:14     | Found a gate to the Vaults.
 28373 | D:14     | Found a runed door.
 28574 | D:14     | Found a deep blue altar of Sif Muna.
 28779 | D:14     | Got a flickering iron ring
 28781 | D:14     | Identified the cursed ring of Loassila {rElec rF- Str-5
                  | Dex+8 Stlth-} (You found it on level 14 of the Dungeon)
 28842 | D:15     | Entered Level 15 of the Dungeon
 28973 | D:15     | Found a staircase to the Depths.
 28988 | D:15     | Received a gift from Okawaru
 29840 | Vaults:1 | Entered Level 1 of the Vaults
 30646 | Vaults:1 | Received a gift from Okawaru
 30859 | Vaults:1 | Found Huacsep's Armour Emporium.
 31423 | Vaults:2 | Noticed Margery
 31438 | Vaults:2 | Killed Margery
 31455 | Vaults:2 | Received a gift from Okawaru
 31456 | Vaults:2 | Found the +3 pair of gauntlets of War {Slay+5}
 31461 | Vaults:2 | Reached XP level 19. HP: 172/172 MP: 28/28
 31582 | Vaults:2 | Found a ruined gateway.
 31592 | Desolati | Entered the Desolation of Salt
 31666 | Desolati | Reached skill level 18 in Long Blades
 31704 | Desolati | Got a sparkling zirconium amulet
 31712 | Desolati | Identified Axelleov's Catalogue of Heat and Attacks
 31832 | Desolati | Identified the amulet of Gamoqarphob {Reflect +Inv rElec
                  | MR++ Dex-2 SH+5} (You found it in the Desolation of Salt)
 31849 | Desolati | Got a crude lead amulet
 31851 | Desolati | Identified the amulet "Xuhyetol" {Inacc Dex+3} (You found
                  | it in the Desolation of Salt)
 32122 | Desolati | Found the +0 sword of Power
 32158 | Desolati | Got a transparent lead ring
 32160 | Desolati | Identified the cursed ring "Xopnurru" {*Contam rC+ EV-2
                  | Dex+4} (You found it in the Desolation of Salt)
 32167 | Desolati | Identified the Reference Book on the Twisted Rocks
 32170 | Desolati | Identified the Collected Works on Aid and Ignition
 32183 | Desolati | Got a scorched ivory ring
 32184 | Desolati | Identified the cursed ring of Sloth {*Corrode EV-3 Int+7
                  | Dex+3} (You found it in the Desolation of Salt)
 32609 | Vaults:2 | Received a gift from Okawaru
 32616 | Vaults:2 | Reached skill level 15 in Dodging
 32839 | Vaults:2 | Reached skill level 1 in Throwing
 33107 | Vaults:2 | Received a gift from Okawaru
 33127 | Vaults:2 | Reached XP level 20. HP: 106/184 MP: 29/29
 33550 | Vaults:2 | Found Oga Hues's General Store.
 33553 | Vaults:2 | Bought a scroll of teleportation for 57 gold pieces
 33553 | Vaults:2 | Bought a scroll of enchant armour for 142 gold pieces
 34707 | Vaults:3 | Received a gift from Okawaru
 34708 | Vaults:3 | Found the +8 demon blade "Bloodbane" {slice, *Rage +Rage
                  | Stlth-}
 35012 | Vaults:3 | Reached skill level 15 in Invocations
 35213 | Vaults:3 | Reached skill level 19 in Long Blades
 35608 | Vaults:3 | Found a staircase to the Crypt.
 35738 | Vaults:4 | Received a gift from Okawaru
 35746 | Vaults:4 | Reached skill level 5 in Throwing
 35925 | Vaults:4 | Found a deep blue altar of Sif Muna.
 36086 | Vaults:4 | Reached XP level 21. HP: 193/193 MP: 31/31
 36710 | Vaults:4 | Received a gift from Okawaru
 36713 | Vaults:4 | Killed from afar by a deep elf death mage

Vault maps used:
D:1:      nzn_arrival_water_spiral, minmay_split_cup_small
D:2:      nicolae_ashenzari_panopticon, minivault_11
D:3:      overflow_temple_1_default, brannock_xom_greatest_gift, serial_glass,
          glass_columns_a, glass_columns_b, glass_columns_b, glass_columns_a,
          glass_columns_a, glass_columns_b, grunt_ministairs_2, uniq_ijyb
D:4:      serial_shops, kennysheep_little_box
D:5:      old_standard_altar, minmay_temple_entry_overgrown, serial_undead,
          serial_undead_c, serial_undead_a, serial_undead_d, serial_undead_d,
          serial_shops, shop, first_ration
D:6:      lemuel_doored_altar, basic_altar, dk_vineyard_3
D:7:      serial_shops, shop, grunt_ogre_cave, eino_jars, uniq_harold
D:8:      elyvilon_altar_1, tso_metal_star, lemuel_coloured_pillars_altar
D:9:      minmay_misc_feat_four_crosses
D:10:     david_lair_generic, minivault_5, uniq_josephine, uniq_joseph
D:11:     orc_0_dummy, serial_shops, shop, minmay_crystal_water, uniq_psyche
D:12:     serial_shops, nicolae_shop_crystal, kennysheep_generic_room_9
D:13:     billiards_dpeg
D:14:     minmay_gate_of_8, lightli_vaults_fourway_checkpoint,
          portal_ice_cave_rime, lemuel_blue_sif_altar
D:15:     grunt_enter_depths_magical_seal, minmay_misc_feat_nine_boxes
Temple:   zaba_magenta_temple
Lair:1:   ldierk_geyser, lemuel_fruit_tree, serial_bayou_shore_a,
          minmay_lair_oklob_chamber, serial_bayou_shore_b
Lair:2:   nicolae_swamp_entry_splash_gauntlet
Lair:3:   guppyfry_snake_entry_garden, minivault_19
Lair:4:   gammafunk_ghost_cemetery
Lair:5:   kb_forest_paths, serial_bayou_shore_b
Lair:6:   guppyfry_lair_end_dragon, minmay_slime_entry_jelly_boxes, st_stairs_10
Swamp:1:  hangedman_swamp_ruin_hall, swamp_pool1
Swamp:2:  nicolae_swamp_treefoil, swamp_pool1
Swamp:3:  hangedman_swamp_blocks, swamp_pool1, infiniplex_staircase_pool
Swamp:4:  grunt_swamp_rune_castle
Snake:1:  gammafunk_ghost_grave
Snake:3:  st_stairs_6
Snake:4:  minmay_snake_end_coiled
Orc:1:    serial_shops, shop
Orc:2:    st_orc_town, lab_entry_generic, uniq_nessos, uniq_azrael
Vaults:1: nicolae_vaults_network_quinsquares, serial_ice_h,
          dpeg_vaults_monster_box, vaults_room_stairs_pillars, serial_ice_m,
          v_misc_29, vaults_dpeg_ring, serial_shops,
          nicolae_shop_window_shopping
Vaults:2: ontoclasm_vaults_gateway, nicolae_vaults_octagons,
          nicolae_vaults_little_squares_3, vaults_room_fours, v_misc_12,
          v_rooms_6, vaults_room_door_hall, ontoclasm_vaults_twist,
          hangedman_vaults_restitches, v_misc_30, nicolae_vaults_little_ls,
          v_misc_8, ontoclasm_vaults_shuriken, serial_shops,
          nicolae_shop_behind_doors, portal_desolation_entry_salt, uniq_margery
Vaults:3: hangedman_vaults_stretched_pinwheel, st_octagons_2,
          blue_anna_dwarven_crypt, v_alt_pattern_5, v_misc_24,
          vaults_room_octagon, v_misc_26, v_misc_5, vaults_mumra_chevron,
          vaults_room_corners, dpeg_vaults_monster_row, vaults_mumra_hex,
          vaults_room_pools, grunt_vaults_diagonal, ontoclasm_vaults_ligature
Vaults:4: vaults_mumra_chevron_long, nicolae_vaults_ninety_degrees, v_misc_3,
          v_rooms_5, v_alt_pattern_6, hangedman_vaults_stream, v_misc_22,
          nicolae_vaults_sealed_display, nicolae_vaults_halls_meeting,
          nicolae_vaults_big_angled_halls, nicolae_vaults_little_squares_4,
          vaults_dpeg_spiral, serial_ice_g, basic_altar
IceCv:    ice_cave_small_necro

Skill      XL: |  1  2  3  4  5  6  7  8  9 10 11 12 13 14 15 16 17 18 19 20 21 |
---------------+----------------------------------------------------------------+-----
Long Blades    | 3 4 5 6 7 8 9 11 12 14 15 16 17 18 19 | 19.4
Invocations    | 2 3 5 7 9 10 11 12 13 14 15 | 15.4
Dodging        | 2 6 8 10 11 12 13 14 15 16 | 16.3
Fighting       | 5 7 10 11 12 13 14 15 16 17 18 | 18.0
Armour         | 5 7 10 11 12 13 14 15 16 17 | 17.9
Shields        | 5 7 10 11 12 13 14 15 16 17 | 17.8
Evocations     | 4 5 7 8 |  8.0
Throwing       | 2 5 6 |  6.3

Action                   |  1- 3 |  4- 6 |  7- 9 | 10-12 | 13-15 | 16-18 | 19-21 || total
-------------------------+-------+-------+-------+-------+-------+-------+-------++-------
Melee: Long sword        |    92 |   220 |   424 |  1099 |  1060 |       |       ||  2895
       Headbutt          |    10 |    31 |    99 |   287 |   544 |   701 |   615 ||  2287
       Hand axe          |       |       |       |    19 |    17 |       |       ||    36
       Scimitar          |       |       |       |       |   649 |   260 |       ||   909
       Demon blade       |       |       |       |       |    69 |  1506 |  1722 ||  3297
Invok: Heroism           |       |       |       |     1 |     8 |     1 |     5 ||    15
       Finesse           |       |       |       |     1 |     7 |     1 |     5 ||    14
Evoke: Wand              |       |       |       |     5 |       |       |       ||     5
  Use: Scroll            |       |       |     6 |     5 |    14 |     9 |     2 ||    36
       Potion            |       |       |     2 |       |     4 |     1 |     1 ||     8
 Stab: Confused          |       |       |       |       |     1 |       |       ||     1
  Eat: Chunk             |     1 |     6 |    17 |    16 |    54 |    35 |    17 ||   146
       Ration            |       |       |       |       |     1 |       |       ||     1
Armor: Scale mail        |    55 |    34 |       |       |       |       |       ||    89
       Chain mail        |       |    25 |       |   210 |   543 |   172 |       ||   950
       Plate armour      |       |     1 |   128 |   108 |       |    71 |   210 ||   518
Dodge: Dodged            |    32 |    43 |    33 |   188 |   623 |   481 |   326 ||  1726
Block: Shield            |    55 |   114 |   345 |   852 |  1761 |  1724 |   488 ||  5339
       Reflection        |       |       |       |       |    22 |   167 |    88 ||   277
       Large shield      |       |       |       |       |       |       |  1108 ||  1108
       Rpst.: Long sword |     7 |    12 |    12 |    51 |    70 |       |       ||   152
       Scimitar          |       |       |       |       |    39 |    12 |       ||    51
       Demon blade       |       |       |       |       |     5 |    68 |    71 ||   144

Table legend:
 A = Non-vault XP
 B = Vault XP
 C = Vault XP percentage of total XP
 D = Non-vault monster count
 E = Vault monster count
 F = Vault count percentage of total count
                 A         B        C        D         E       F
            +---------+---------+-------+---------+---------+-------
      Total |  357252 |  272164 |  43.2 |    1068 |     539 |  33.5
            +---------+---------+-------+---------+---------+-------
        D:1 |      39 |       5 |  11.4 |      22 |       3 |  12.0
        D:2 |     158 |       0 |   0.0 |      33 |       0 |   0.0
        D:3 |     171 |      39 |  18.6 |      42 |       3 |   6.7
        D:4 |     296 |       0 |   0.0 |      15 |       0 |   0.0
        D:5 |     357 |     170 |  32.3 |      12 |       7 |  36.8
        D:6 |     664 |       0 |   0.0 |      23 |       0 |   0.0
        D:7 |     611 |    1425 |  70.0 |      16 |       7 |  30.4
        D:8 |    1082 |       0 |   0.0 |      21 |       0 |   0.0
        D:9 |    1904 |    1889 |  49.8 |      25 |       5 |  16.7
       D:10 |    2710 |    1369 |  33.6 |      23 |       5 |  17.9
       D:11 |    5479 |     448 |   7.6 |      47 |       1 |   2.1
       D:12 |    2443 |       0 |   0.0 |      10 |       0 |   0.0
       D:13 |    4078 |    1527 |  27.2 |      31 |       3 |   8.8
       D:14 |    7522 |   20626 |  73.3 |      34 |      22 |  39.3
       D:15 |    9899 |    6149 |  38.3 |      33 |      10 |  23.3
     Lair:1 |    2910 |    2609 |  47.3 |      18 |       7 |  28.0
     Lair:2 |    4433 |     589 |  11.7 |      22 |       3 |  12.0
     Lair:3 |    3888 |     332 |   7.9 |      17 |       2 |  10.5
     Lair:4 |    9998 |    2115 |  17.5 |      32 |       2 |   5.9
     Lair:5 |    9258 |    4252 |  31.5 |      37 |      21 |  36.2
     Lair:6 |    9430 |    6415 |  40.5 |      30 |      31 |  50.8
    Swamp:1 |   12761 |       0 |   0.0 |      37 |       0 |   0.0
    Swamp:2 |   12440 |       0 |   0.0 |      27 |       0 |   0.0
    Swamp:3 |   11556 |       0 |   0.0 |      25 |       0 |   0.0
    Swamp:4 |    5587 |   22133 |  79.8 |      14 |      34 |  70.8
    Snake:1 |   10833 |    2419 |  18.3 |      24 |       1 |   4.0
    Snake:2 |   24649 |       0 |   0.0 |      48 |       0 |   0.0
    Snake:3 |   22385 |     896 |   3.8 |      38 |       2 |   5.0
    Snake:4 |   21535 |   22919 |  51.6 |      50 |      42 |  45.7
      Orc:1 |    3012 |       0 |   0.0 |      13 |       0 |   0.0
      Orc:2 |    3319 |   10634 |  76.2 |      23 |      67 |  74.4
   Vaults:1 |   35834 |   10230 |  22.2 |      53 |      15 |  22.1
   Vaults:2 |   47169 |   42045 |  47.1 |      66 |      44 |  40.0
   Vaults:3 |   21750 |   40254 |  64.9 |      42 |      47 |  52.8
   Vaults:4 |   45869 |   27939 |  37.9 |      64 |      35 |  35.4
        Lab |    1223 |       0 |   0.0 |       1 |       0 |   0.0
      IceCv |       0 |    6633 | 100.0 |       0 |      54 | 100.0
 Desolation |       0 |   36103 | 100.0 |       0 |      66 | 100.0
            +---------+---------+-------+---------+---------+-------
